 Dungeon Crawl Stone Soup version 0.30-a0-1043-g60ff8d5f49 (webtiles) character file.

Game seed: 5904658870723891932

53 NateTC the Shield-Bearer (level 4, 0/35 HPs)
             Began as a Formicid Fighter on Apr 10, 2023.
             Slain by a gnoll
             ... wielding a +0 spear
              (2 damage)
             ... on level 2 of the Dungeon.
             The game lasted 00:01:01 (838 turns).

NateTC the Shield-Bearer (Formicid Fighter)          Turns: 838, Time: 00:01:02

Health: 0/35       AC:  7    Str: 22    XL:     4   Next: 10%
Magic:  4/4        EV:  9    Int:  8    God:
Gold:   57         SH:  5    Dex: 13    Spells: 3/3 levels left

rFire   . . .      SeeInvis +    a - +0 war axe
rCold   . . .      Faith    .    c - +0 buckler
rNeg    . . .      Spirit   .    b - +0 scale mail
rPois   .          Reflect  .    (helmet unavailable)
rElec   .          Rampage  .    (no cloak)
rCorr   .                        (no gloves)
Will    .....                    (no boots) Stlth
                                 (no amulet)
HPRegen 0.25/turn                (no ring)
MPRegen 0.09/turn                (no ring)

@: no status effects
A: permanent stasis, dig shafts and tunnels, antennae 3, four strong arms
a: Dig, Shaft Self


You were on level 2 of the Dungeon.
You visited 1 branch of the dungeon, and saw 2 of its levels.

You collected 57 gold pieces.

Inventory:

Hand Weapons
 a - a +0 war axe (weapon)
Armour
 b - a +0 scale mail (worn)
 c - a +0 buckler (worn)
Jewellery
 e - a ring of wizardry
 k - a ring of positive energy
Scrolls
 g - a scroll of vulnerability {unknown}
Potions
 d - 2 potions of might
 f - 2 potions of curing
 h - a potion of flight {unknown}
 i - a potion of resistance {unknown}
 j - a potion of attraction {unknown}


   Skills:
 - Level 3.2 Fighting
 - Level 2.0 Axes
 + Level 4.0 Armour
 * Level 5.5 Shields


You had 3 spell levels left.
You didn't know any spells.
Your spell library was empty.

Dungeon Overview and Level Annotations

Branches:
Dungeon (2/15) Zot: 11127

Altars:


Innate Abilities, Weirdness & Mutations

You cannot be hasted, slowed, berserked, paralysed or teleported.
You can dig through walls and to a lower floor.
You have a pair of large antennae on your head. (SInv)
Your four strong arms can wield two-handed weapons with a shield.


Message History

You barely miss the gnoll.
The gnoll is severely wounded.
You hit the gnoll but do no damage. You closely miss the hobgoblin.
The bat hits you but does no damage. The gnoll closely misses you.
The gnoll hits you from afar with a +0 spear.
The hobgoblin barely misses you. The gnoll hits you with a +0 spear.
You hit the gnoll.
You kill the gnoll!
You slash the gnoll! You slash the hobgoblin!
You kill the hobgoblin!
You block the bat's attack. The gnoll hits you but does no damage.
The gnoll barely misses you. You block the gnoll's attack.
The gnoll hits you with a +0 whip.
Your Armour skill increases to level 4!
You have reached level 4!
You feel clever.
You hit the gnoll.
The gnoll is almost dead.
The bat closely misses you.
The gnoll hits you from afar with a +0 spear.
The gnoll hits you with a +0 whip. The bat hits you but does no damage.
You are too injured to fight recklessly!
You are too injured to fight recklessly!
You are too injured to fight recklessly!
You are too injured to fight recklessly!
You are too injured to fight recklessly!
You closely miss the gnoll.
The gnoll is almost dead.
You closely miss the bat. The bat completely misses you.
The gnoll hits you from afar with a +0 spear!
* * * LOW HITPOINT WARNING * * *
The gnoll barely misses you. The gnoll hits you with a +0 whip.
* * * LOW HITPOINT WARNING * * *
The bat hits you but does no damage. The gnoll hits you with a +0 spear.
* * * LOW HITPOINT WARNING * * *
You block the gnoll's attack.
You see here a scroll labelled KIUTUYK GIFIZE.
You hit the gnoll but do no damage. You barely miss the gnoll.
The bat hits you but does no damage. The gnoll hits you with a +0 spear.
You die...

#.#.#########..
#.#.# #.. #.#.#
#.. #.#.#
#####.. #.#>
....... #.#
####### #.#
######'##
#.g@....#
#...g...#
.......b...#
####
............+
....
#####....:..#
.### #.......#
#.......#
#######.#


You could see 2 gnolls and a bat.

Vanquished Creatures
  2 gnolls
  A worm (D:2)
  3 ball pythons
  3 bats
  3 endoplasms (D:1)
  A giant cockroach (D:2)
  5 goblins
  3 hobgoblins
  3 kobolds
  2 frilled lizards (D:1)
  2 rats (D:1)
28 creatures vanquished.

Notes
Turn   | Place    | Note
-------+----------+-------------------------------------------
     0 | D:1      | NateTC the Formicid Fighter began the quest for the Orb.
     0 | D:1      | Reached XP level 1. HP: 18/18 MP: 1/1
    81 | D:1      | Reached XP level 2. HP: 22/24 MP: 2/2
   123 | D:1      | Reached skill level 5 in Shields
   123 | D:1      | Reached XP level 3. HP: 4/29 MP: 3/3
   835 | D:2      | Reached XP level 4. HP: 20/35 MP: 4/4
   838 | D:2      | Slain by a gnoll

Illustrated notes

Levels and vault maps discovered:
D:1:      amcnicky_arrival_wind_blow, layout_basic
D:2:      layout_basic, uniq_natasha, uniq_crazy_yiuf_cottage

Skill      XL: |  1  2  3 |
---------------+----------+-----
Shields        | 5 |  5.5
Armour         | 4 |  4.0
Fighting       | |  3.2
Axes           | |  2.0

Action                     |  1- 3 |  4- 6 || total
---------------------------+-------+-------++-------
  Melee: War axe           |    74 |     3 ||    77
    Use: Scroll            |     2 |       ||     2
 Armour: Scale mail        |    48 |     3 ||    51
  Dodge: Dodged            |    40 |     3 ||    43
  Block: Buckler           |    22 |     1 ||    23

Table legend: (Time is in decaauts)
 A = Elapsed time spent in this place.
 B = Non-inter-level travel time spent in this place.
 C = Inter-level travel time spent in this place.
 D = Time resting spent in this place.
 E = Time spent auto-exploring this place.
 F = Levels seen in this place.
 G = Mean time per level.
                   A        B        C        D        E       F      G
               +--------+--------+--------+--------+--------+-----+--------+
         Total |    871 |    845 |     26 |     92 |    551 |   2 |  435.5 |
       Dungeon |    871 |    845 |     26 |     92 |    551 |   2 |  435.5 |
               +--------+--------+--------+--------+--------+-----+--------+

Top non-repeatable levels by time:
     D:1: 651 daAuts
     D:2: 220 daAuts
